 Dungeon Crawl Stone Soup version 0.30.1-11-g7821555f0a (webtiles) character file.

Game seed: 716277598874548439

86 trogdor75 the Conjurer (level 4, -5/34 HPs)
             Began as a Draconian Conjurer on Nov 8, 2023.
             Was a Follower of Qazlal.
             Killed from afar by Robin (15 damage)
             ... with a bolt of dispelling energy
             ... on level 3 of the Dungeon.
             The game lasted 00:24:08 (2359 turns).

trogdor75 the Conjurer (Draconian Conjurer)         Turns: 2359, Time: 00:24:09

Health: -5/34      AC:  5    Str:  9    XL:     4   Next: 26%
Magic:  7/7        EV: 12    Int: 20    God:    Qazlal [*.....]
Gold:   197        SH:  2    Dex: 10    Spells: 7/8 levels left

rFire   . . .        r - +1 short sword (elec)
rCold   . . .        (no shield)
rNeg    . . .        (body armour unavailable)
rPois   +            (helmet restricted)
rElec   .            (no cloak)
rCorr   .            (no gloves)
SInv    .            (no boots)
Will    .....        (no amulet)
Stlth   ++           n - ring of poison resistance
HPRegen 0.25/turn    (no ring)
MPRegen 0.10/turn

%: no passive effects
@: no status effects
A: AC +5, unfitting armour, cold-blooded
a: Renounce Religion


You were on level 3 of the Dungeon.
You worshipped Qazlal.
Qazlal was aware of your devotion.
You visited 1 branch of the dungeon, and saw 3 of its levels.

You collected 197 gold pieces.

Inventory:

Hand Weapons
 o - a +2 dagger of protection
 p - a +3 short sword
 r - a +1 short sword of electrocution (weapon)
Missiles
 c - 11 boomerangs (quivered)
 f - 2 poisoned darts
Jewellery
 n - a ring of poison resistance (left hand)
Scrolls
 e - 2 scrolls of teleportation {unknown}
 g - a scroll of fear {unknown}
 h - 2 scrolls of acquirement {unknown}
 i - a scroll of immolation {unknown}
 j - a scroll of butterflies {unknown}
 t - a scroll of enchant weapon {unknown}
Potions
 a - a potion of magic
 b - a potion of ambrosia {unknown}
 d - 4 potions of curing {unknown}
 k - a potion of might {unknown}
 l - 3 potions of lignification {unknown}
 m - a potion of cancellation {unknown}
 q - 2 potions of heal wounds {unknown}
 s - a potion of degeneration {unknown}


   Skills:
 + Level 0.4 Fighting
 + Level 1.0 Short Blades
 + Level 2.2 Dodging
 + Level 2.2 Stealth
 + Level 0.6 Unarmed Combat
 + Level 2.6 Spellcasting
 + Level 4.6 Conjurations


You had 7 spell levels left.
You knew the following spells:

 Your Spells              Type           Power      Damage    Failure   Level
a - Magic Dart            Conj           84%        1d7       2%          1

Your spell library contained the following spells:

 Spells                   Type           Power      Damage    Failure   Level
 Searing Ray              Conj           42%        2d6       3%          2
 Dazzling Flash           Conj/Hex       22%        N/A       17%         3
 Cigotuvi's Dreadful Rot  Necr/Pois/Air  4%         N/A       22%         2
 Lesser Beckoning         Tloc           4%         N/A       22%         2
 Gell's Gravitas          Tloc           2%         N/A       41%         3
 Teleport Other           Tloc           2%         N/A       41%         3
 Fulminant Prism          Conj/Hex       5%         3d7       50%         4
 Iskenderun's Mystic Bla  Conj/Tloc      11%        2d4       50%         4
 Dispel Undead            Necr           2%         3d7       83%         4
 Death Channel            Necr           1%         N/A       100%        6


Dungeon Overview and Level Annotations

Branches:
Dungeon (3/15)

Altars:
Qazlal

Annotations:
D:3 Robin


Innate Abilities, Weirdness & Mutations

Your plain brown scales are hard. (AC +5)
You cannot fit into any form of body armour.
You are cold-blooded and may be slowed by cold attacks.


Message History

Robin roars a battlecry!
The hobgoblin goes into a battle-frenzy!
You hear a shout!
Things that are here:
a +0 club; a goblin corpse You hear a shout! x3
The hobgoblin hits you.
You hit the hobgoblin.
Lightning courses through the hobgoblin!
You kill the hobgoblin!
Qazlal accepts your kill.
Robin zaps a wand.
The bolt of dispelling energy misses you.
The goblin shouts!
You hear a shout!
Robin roars a battlecry!
The goblin goes into a battle-frenzy!
A goblin comes into view. It is wielding a +0 club.
Robin zaps a wand.
The bolt of dispelling energy hits you! Robin attacks as you move away!
Robin misses you.
A hobgoblin comes into view.
Robin throws the goblin at you! The goblin hits you with a +0 club.
You closely miss the goblin. You tail-slap the goblin.
The goblin is heavily wounded.
Robin zaps a wand.
The bolt of dispelling energy misses you.
The bolt of dispelling energy hits the goblin!!
The goblin dies!
Robin says, "We wiped out the hill dwarves - you're next!"
Things that are here:
a +0 club; a +0 club; a goblin corpse Robin zaps a wand.
The bolt of dispelling energy hits the goblin!
The goblin dies!
The bolt of dispelling energy hits you!
* * * LOW HITPOINT WARNING * * *
Robin zaps a wand.
The bolt of dispelling energy hits the hobgoblin!!
The hobgoblin dies!
The bolt of dispelling energy hits you!
You die...

#.# #.# #.#
#.# #. #.#
##.# #.#
#..# #.#
#.## #.#
#.# #.#####
#.# #.....#
#.#####.#
#####.#
#.@>....#
##...#
#.#######
#..... #)#
#..... #)#
#.....
#.#########
##...#
#g......).#
##..#
#.#######..
#..#
#.#######gg
...#
#......g.)g
...##


You could see Robin.

Vanquished Creatures
  An adder (D:2)
  2 worms (D:2)
  4 orcs (D:3)
  5 bats
  An endoplasm (D:1)
  2 giant cockroaches
  9 goblins
  6 hobgoblins
  3 jackals (D:3)
  3 quokkas
  6 ball pythons
  4 frilled lizards
  7 kobolds
  10 rats
63 creatures vanquished.

Vanquished Creatures (others)
  2 goblins (D:3)
  A hobgoblin (D:3)
3 creatures vanquished.

Grand Total: 66 creatures vanquished

Notes
Turn   | Place    | Note
-------+----------+-------------------------------------------
     0 | D:1      | trogdor75 the Draconian Conjurer began the quest for the
                  | Orb.
     0 | D:1      | Reached XP level 1. HP: 14/14 MP: 3/3
   175 | D:1      | Reached XP level 2. HP: 20/20 MP: 0/5
   777 | D:2      | Found a stormy altar of Qazlal.
   796 | D:2      | Became a worshipper of Qazlal Stormbringer
   856 | D:2      | Reached XP level 3. HP: 26/26 MP: 1/6
  1802 | D:3      | Reached * piety under Qazlal
  1897 | D:3      | Reached XP level 4. HP: 34/34 MP: 4/7
  2304 | D:3      | Reached skill level 1 in Short Blades
  2338 | D:3      | Noticed Robin
  2359 | D:3      | Killed from afar by Robin

Illustrated notes

Levels and vault maps discovered:
D:1:      dpeg_arrival_ratfight, layout_basic
D:2:      layout_basic, basic_altar
D:3:      layout_loops_ring, lemuel_coloured_pillars_altar,
          minmay_misc_feat_cross, uniq_robin, uniq_grinder

Skill      XL: |  1  2  3  4 |
---------------+-------------+-----
Dodging        | 2 |  2.2
Stealth        | 2 |  2.2
Short Blades   | 1 |  1.0
Fighting       | |  0.4
Unarmed Combat | |  0.6
Spellcasting   | |  2.6
Conjurations   | |  4.6

Action                     |  1- 3 |  4- 6 || total
---------------------------+-------+-------++-------
  Melee: Unarmed           |    30 |       ||    30
         Tailslap          |    11 |     2 ||    13
         Short sword       |    47 |    21 ||    68
         Dagger            |    11 |       ||    11
         Punch             |     2 |       ||     2
   Cast: Magic Dart        |    69 |    11 ||    80
 Armour: Skin              |    30 |    14 ||    44
  Dodge: Dodged            |    44 |    23 ||    67
  Block: Other             |       |     1 ||     1
